cohdb
Replays
Latest Replays
All Replays
Popular Replays
Top Player Replays
Match Explorer
How It Works
Community
CoH3 Stats
Reddit
Sign in to upload your games and track your stats! →
Sign in with Steam
Match 44304735
Unlisted
Match 44304735
Overview
Messages
Build Orders
End
Construct Section Command Post
Dingo Light Scout Car
Dingo Light Scout Car
Dingo Light Scout Car
Selects Air and Sea Battlegroup
Selects Air and Sea Battlegroup
Selects Supply Surplus
Construct Resource Cache
Construct Resource Cache
Construct Resource Cache
Construct Resource Cache
Construct Platoon Command Post
KMS Bismarck
silence
Vestal not only Lucky
Kanna Scarlet
Squints
Felipe
(B)urn (L)oot (M)urder
Valar[M]orgHulis
0
0
Comments
sign in to comment!
No comments posted yet!